 Dungeon Crawl Stone Soup version 0.27-a0-1006-g1fd4cec11e (webtiles) character file.

Game seed: 12472398151526783044

128 jestyr24 the Covered (level 4, 0/41 HPs)
             Began as a Minotaur Fighter on Apr 17, 2021.
             Killed by nerve-wracking pain
             ... invoked by Grinder
              (9 damage)
             ... on level 4 of the Dungeon.
             The game lasted 00:09:19 (3087 turns).

jestyr24 the Covered (Minotaur Fighter)             Turns: 3087, Time: 00:09:20

Health: 0/41       AC:  7    Str: 21    XL:     4   Next: 87%
Magic:  3/3        EV:  8    Int:  5    God:
Gold:   109        SH:  9    Dex: 10    Spells: 3/3 levels left

rFire    . . .     SeeInvis .   a - +0 long sword
rCold    . . .     Faith    .   c - +0 kite shield
rNeg     . . .     Spirit   .   b - +0 scale mail
rPois    .         Reflect  .   (helmet restricted)
rElec    .         Harm     .   (no cloak)
rCorr    .         Rampage  .   (no gloves)
Will     .....                  (no boots)
Stlth    ..........             (no amulet)
HPRegen  0.13/turn              (no ring)
MPRegen  0.08/turn              (no ring)

@: no status effects
A: horns 2, retaliatory headbutt
a: no special abilities


You were on level 4 of the Dungeon.
You visited 1 branch of the dungeon, and saw 4 of its levels.

You collected 109 gold pieces.

Inventory:

Hand Weapons
 a - a +0 long sword (weapon)
 f - a +1 dagger of speed
 l - a +1 short sword of protection
 s - a +0 war axe
Missiles
 e - 31 poisoned darts (quivered)
 k - 112 stones
Armour
 b - a +0 scale mail (worn)
 c - a +0 kite shield (worn)
Magical Staves
 q - a staff of conjuration
Jewellery
 n - a +6 ring of dexterity
 t - an amulet of the acrobat
 v - a ring of ice
Scrolls
 h - a scroll of identify
 o - 3 scrolls of teleportation {unknown}
 u - a scroll of noise {unknown}
Potions
 d - 2 potions of might
 g - a potion of flight
 i - 3 potions of brilliance
 j - a potion of ambrosia {unknown}
 m - a potion of cancellation {unknown}
 p - a potion of degeneration {unknown}
 r - a potion of resistance {unknown}


   Skills:
 + Level 4.7 Fighting
 - Level 2.4 Long Blades
 + Level 5.0 Armour
 + Level 1.2 Dodging
 + Level 4.5 Shields


You had 3 spell levels left.
You didn't know any spells.
Your spell library contained the following spells:

 Spells                   Type           Power      Damage    Failure   Level
 Magic Dart               Conj           0%         1d3       99%         1
 Blink                    Tloc           N/A        N/A       100%        2
 Call Imp                 Summ           0%         N/A       100%        2
 Slow                     Hex            0%         N/A       100%        2
 Conjure Flame            Conj/Fire      0%         6-21      100%        3
 Mephitic Cloud           Conj/Pois/Air  0%         N/A       100%        3


Dungeon Overview and Level Annotations

Branches:
Dungeon (4/15)
 Temple: D:4-7

Altars:

Annotations:
D:4 Grinder


Innate Abilities, Weirdness & Mutations

You have a pair of horns on your head.
You reflexively headbutt those who attack you in melee.


Message History

Things that are here:
a +0 falchion; a +0 ring mail You see here a +0 dagger.
Items here: )) [ †.
Okay, then.
HP restored.
You now have 109 gold pieces (gained 14).
You open the door.
There is an open door here.
You open the door.
There is an open door here.
A quokka comes into view.
The quokka completely misses you.
You hit the quokka but do no damage. The quokka barely misses you.
You furiously retaliate!
You headbutt the quokka.
You riposte.
You closely miss the quokka.
The quokka is moderately wounded.
The quokka barely misses you. You furiously retaliate!
You headbutt the quokka.
You kill the quokka!
Grinder comes into view.
She is carrying a wand of flame (18).
Grinder shouts!
Grinder closely misses you.
You barely miss Grinder. You headbutt Grinder, but do no damage.
Grinder zaps a wand.
The puff of flame hits you.
You closely miss Grinder.
Grinder blinks!
Grinder zaps a wand.
The puff of flame hits you!
You barely miss Grinder.
Grinder blinks!
Grinder says, "There's only one good use for a tongue: cutting it out."
Grinder zaps a wand.
You block the puff of flame. You block Grinder's attack.
You barely miss Grinder. Grinder gestures at you.
Pain shoots through your body! Grinder gestures at you.
Pain shoots through your body!
* * * LOW HITPOINT WARNING * * *
Your scale mail prevents you from hitting Grinder.
Grinder gestures at you. Pain shoots through your body!
You die...

###
#########.#
#........5#
#.#######@#
#.#######.#
#.#.......#
#.#.#######
#.# ####
#.#
...#####.#
...'.....#
...#...###


You could see Grinder.

Vanquished Creatures
  An adder (D:3)
  3 gnolls (D:2)
  4 worms
  A dart slug (D:2)
  4 orcs (D:4)
  7 endoplasms
  2 giant cockroaches
  5 goblins
  3 hobgoblins
  10 jackals
  2 quokkas
  6 ball pythons
  5 bats
  6 frilled lizards
  8 kobolds
  5 rats
72 creatures vanquished.

Vanquished Creatures (others)
  5 fungi (D:2)
  2 plants (D:2)
7 creatures vanquished.

Grand Total: 79 creatures vanquished

Notes
Turn   | Place    | Note
-------+----------+-------------------------------------------
     0 | D:1      | jestyr24 the Minotaur Fighter began the quest for the Orb.
     0 | D:1      | Reached XP level 1. HP: 19/19 MP: 0/0
   464 | D:1      | Reached skill level 4 in Armour
   464 | D:1      | Reached XP level 2. HP: 27/27 MP: 1/1
  1026 | D:1      | Reached XP level 3. HP: 33/33 MP: 2/2
  1608 | D:2      | Reached XP level 4. HP: 19/41 MP: 3/3
  1974 | D:2      | Found a faded altar of an unknown god.
  2233 | D:3      | Reached skill level 1 in Dodging
  2418 | D:3      | Reached skill level 5 in Armour
  3079 | D:4      | Noticed Grinder
  3087 | D:4      | Killed from afar by Grinder

Illustrated notes

Levels and vault maps discovered:
D:1:      dpeg_arrival_brainrot, layout_loops_ring, minmay_box_of_dots
D:2:      layout_basic, shapermc_ecumenical_altar_mp_urbaneastern
D:3:      layout_loops_ring
D:4:      black_bear_nest_2, layout_basic, minmay_overflow_temple_star_quad,
          minmay_temple_entry_sparse_star, serial_shops, nicolae_shop_stone,
          uniq_grinder, uniq_natasha

Skill      XL: |  1  2  3  4 |
---------------+-------------+-----
Armour         | 4 5 |  5.0
Fighting       | 4 |  4.7
Shields        | 4 |  4.5
Dodging        | 1 |  1.2
Long Blades    | |  2.4

Action                   |  1- 3 |  4- 6 || total
-------------------------+-------+-------++-------
Melee: Long sword        |    94 |    83 ||   177
       Headbutt          |    13 |    14 ||    27
  Use: Scroll            |       |     2 ||     2
Armor: Scale mail        |    31 |    35 ||    66
Dodge: Dodged            |    26 |    33 ||    59
Block: Kite shield       |    54 |    51 ||   105
       Rpst.: Long sword |     6 |     8 ||    14

Table legend: (Time is in decaauts)
 A = Elapsed time spent in this place.
 B = Non-inter-level travel time spent in this place.
 C = Inter-level travel time spent in this place.
 D = Time resting spent in this place.
 E = Time spent auto-exploring this place.
 F = Levels seen in this place.
 G = Mean time per level.
                   A        B        C        D        E       F      G
               +--------+--------+--------+--------+--------+-----+--------+
         Total |   3174 |   3089 |     85 |    614 |   1659 |   4 |  793.5 |
       Dungeon |   3174 |   3089 |     85 |    614 |   1659 |   4 |  793.5 |
               +--------+--------+--------+--------+--------+-----+--------+

Top non-repeatable levels by time:
     D:1: 1532 daAuts
     D:3: 762 daAuts
     D:2: 715 daAuts
     D:4: 163 daAuts
